 Dungeon Crawl Stone Soup version 0.29-a0-111-gbaf749a769 (webtiles) character file.

Game seed: 12648203070040159653

5843 esteth the Thaumaturge (level 11, -23/78 HPs)
             Began as a Djinni Conjurer on Feb 17, 2022.
             Was a Follower of Makhleb.
             Annihilated by a komodo dragon (27 damage)
             ... on level 1 of the Lair of Beasts.
             The game lasted 00:23:19 (13205 turns).

esteth the Thaumaturge (Djinni Conjurer)           Turns: 13205, Time: 00:23:20

Health: -23/78     AC:  7    Str:  6    XL:     11   Next: 7%
Gold:   728        EV: 13    Int: 26    God:    Makhleb [*.....] SH:  0 Dex: 12

rFire   + + +      SeeInvis .   v - +3 spear of Shrieking Terror {antimagic, rF+ Int+2}
rCold   . . .      Faith    .   (no shield)
rNeg    . . .      Spirit   .   J - +1 leather armour of the Bard {+Blink rF+ rC+ Stlth+}
rPois   ∞          Reflect  .   h - +0 helmet
rElec   .          Harm     .   d - +0 cloak
rCorr   .          Rampage  .   (no gloves)
Will    +....                   (boots unavailable)
Stlth   ++........              (no amulet)
HPRegen 0.23/turn               (no ring)
MPRegen 0.00/turn               (no ring)

@: about to teleport, marked, flying
A: sickness immunity, fire resistance 2, cold vulnerability 1, float, innate
caster, HP casting, extra vitality 1
a: Renounce Religion, Evoke Blink


You were on level 1 of the Lair of Beasts.
You worshipped Makhleb.
Makhleb was aware of your devotion.
You visited 3 branches of the dungeon, and saw 11 of its levels.

You collected 728 gold pieces.


Innate Abilities, Weirdness & Mutations

You are immune to sickness and miasma.
You are immune to poison.
Your flesh is very heat resistant. (rF++)
You are vulnerable to cold. (rC-)
You float through the air rather than walking.
You learn spells naturally, not from books.
Your magical power is your life essence.
You have superior vitality. (+4 MHP)


   Skills:
 + Level 6.7 Fighting
 + Level 4.5 Armour
 + Level 5.6 Dodging
 - Level 1.5 Stealth
 - Level 10.3 Spellcasting


You had 4 spell levels left.
You knew the following spells:

 Your Spells              Type           Power      Damage    Failure   Level
d - Dazzling Flash        Conj/Hex       100%       N/A       1%          3
e - Ensorcelled Hibernat  Hex/Ice        100%       N/A       1%          2
f - Fulminant Prism       Conj/Hex       30%        3d16      1%          4
i - Iskenderun's Mystic   Conj/Tloc      61%        2d13      1%          4
m - Magic Dart            Conj           100%       1d8       1%          1
p - Portal Projectile     Hex/Tloc       100%       N/A       1%          3
s - Searing Ray           Conj           100%       2d8       1%          2
u - Dispel Undead         Necr           61%        3d21      1%          4
S - Sting                 Tmut/Pois      100%       1d8       1%          1
X - Scorch                Fire           100%       2d10      1%          2
Your spell library was empty.

Inventory:

Hand Weapons
 n - a +1 dagger of electrocution
   (You took it off a goblin on level 2 of the Dungeon)
 v - the +3 spear of Shrieking Terror (weapon) {antimagic, rF+ Int+2}
   (You found it on level 4 of the Dungeon)

   It reduces the magical energy of the wielder, and disrupts the spells and
   magical abilities of those it strikes.
   Natural abilities and divine invocations are not affected.
   Int:       It affects your intelligence (+2).
   rF:        It protects you from fire.
 z - a +2 spectral quarterstaff
   (You took it off Dowan on level 5 of the Dungeon)
Missiles
 b - 328 stones
 f - 23 poisoned darts
 g - 88 sling bullets
 m - 86 arrows
 r - 11 boomerangs
 s - 2 throwing nets {=f!f}
 u - 6 javelins
 w - 38 bolts
 D - 2 atropa-tipped darts
 Q - a curare-tipped dart {=f}
Armour
 a - a +0 robe
 d - a +0 cloak (worn)
   (You found it on level 1 of the Dungeon)
 h - a +0 helmet (worn)
   (You found it on level 1 of the Dungeon)
 J - the +1 leather armour of the Bard (worn) {+Blink rF+ rC+ Stlth+}
   (You found it on level 8 of the Dungeon)

   rF:        It protects you from fire.
   rC:        It protects you from cold.
   +Blink:    It lets you blink.
   Stlth:     It makes you more stealthy.
 N - a +1 pair of gloves
   (You found it on level 9 of the Dungeon)
Jewellery
 G - an amulet of guardian spirit
   (You found it on level 1 of the Dungeon)
 L - a ring of flight
   (You found it on level 1 of the Dungeon)
 O - a +4 ring of protection
   (You found it on level 1 of the Dungeon)
 T - an amulet of faith {!P}
   (You found it on level 1 of the Dungeon)
Wands
 p - a wand of paralysis (7)
   (You took it off a kobold on level 3 of the Dungeon)
 A - a wand of flame (52)
   (You took it off a hobgoblin on level 5 of the Dungeon)
 P - a wand of digging (8)
   (You found it on level 9 of the Dungeon)
Scrolls
 c - a scroll of fear {unknown}
 e - 10 scrolls of identify {unknown}
 i - a scroll of enchant armour {unknown}
 j - 2 scrolls of blinking {unknown}
 l - a scroll of noise {unknown}
 o - 6 scrolls of teleportation {@r4}
 q - 2 scrolls of magic mapping {unknown}
 y - a scroll of holy word {unknown}
 F - a scroll of immolation {unknown}
 H - a scroll of amnesia {unknown}
 I - a scroll of vulnerability {unknown}
Potions
 k - 3 potions of mutation {unknown}
 t - a potion of invisibility {unknown}
 x - 2 potions of lignification {unknown}
 B - a potion of might {unknown}
 E - a potion of heal wounds {unknown}
 K - a potion of flight {unknown}
 M - a potion of berserk rage {unknown}

Dungeon Overview and Level Annotations

Branches:
Dungeon (9/15)             Temple (1/1) D:7            Lair (1/6) D:9
    Orc: D:9-12

Altars:
Cheibriados
Dithmenos
Elyvilon
Fedhas
Gozag
Hepliaklqana
Kikubaaqudgha
Makhleb
Nemelex Xobeh
Okawaru
Qazlal
Ru
Sif Muna
Trog
Uskayaw
Vehumet
Wu Jian
Xom
Yredelemnul
Zin
The Shining One
Beogh

Annotations:
D:1 exclusion: downstairs
D:6 1 runed translucent door, bmj180's ghost, novice MfIE
D:9 3 runed translucent doors, SeagullWaffle's ghost, journeyman GrEE

### ### ##
#######.###P####P###.
....................#
...........:........#
....................##
.....................#
....................P#
....................#
.............l@...†.#
.>..>...^...........#
...)................#
....................#
....................#
..##P##.......<....#
###....#########.#
##..## ## #..


You could see a komodo dragon.


Message History

The blast of energy engulfs the komodo dragon.
The blast of energy engulfs the water moccasin!!
You kill the water moccasin!
Makhleb accepts your kill.
You blink. 😕 HP[-1]
You take 1 damage, and now have 74/78 hp.
Casting: Fulminant Prism (dangerous; 1% risk of failure)
Confirm with . or Enter, or press ? or * to list all spells.
Aiming: Ensorcelled Hibernation (safe; 1% risk of failure)
Press: ? - help, Shift-Dir - straight line, f - komodo dragon
Aim: a komodo dragon (lightly wounded, chance to affect: 54%)
The komodo dragon resists with some effort.
The komodo dragon barely misses you. 😕 HP[-2]
You take 2 damage, and now have 72/78 hp.
Casting: Ensorcelled Hibernation (safe; 1% risk of failure)
Confirm with . or Enter, or press ? or * to list all spells.
Aiming: Ensorcelled Hibernation (safe; 1% risk of failure)
Press: ? - help, Shift-Dir - straight line, f/p - komodo dragon
Aim: a komodo dragon (lightly wounded, chance to affect: 54%)
The komodo dragon looks drowsy... 😕 HP[-1]
You take 1 damage, and now have 71/78 hp.
Found an escape hatch in the floor.
Casting: Ensorcelled Hibernation (safe; 1% risk of failure)
Confirm with . or Enter, or press ? or * to list all spells.
Aiming: Fulminant Prism (dangerous; 1% risk of failure)
Press: ? - help, Dir - move target, p - komodo dragon You conjure a prism of explosive energy!
A fulminant prism comes into view.
You feel stable enough to blink again.
The komodo dragon hisses angrily. 😕 HP[-3]
You take 3 damage, and now have 68/78 hp.
Your fulminant prism crackles loudly.
The blast of energy engulfs the komodo dragon!
Casting: Fulminant Prism (dangerous; 1% risk of failure)
Confirm with . or Enter, or press ? or * to list all spells.
Flames lash the komodo dragon but do no damage. 😕 HP[-2]
You take 2 damage, and now have 66/78 hp.
Casting: Scorch (safe; 1% risk of failure)
Confirm with . or Enter, or press ? or * to list all spells.
Flames lash the komodo dragon.
The komodo dragon's fire resistance burns away.
The komodo dragon bites you! 😮 HP[-10]
You take 10 damage, and now have 56/78 hp.
Casting: Scorch (safe; 1% risk of failure)
Confirm with . or Enter, or press ? or * to list all spells.
Flames lash the komodo dragon but do no damage.
The komodo dragon bites you!!
* * * LOW HITPOINT WARNING * * *
😨 HP[-24]
You take 24 damage, and now have 32/78 hp.
MASSIVE DAMAGE!! (PAUSE)
Casting: Scorch (safe; 1% risk of failure)
Confirm with . or Enter, or press ? or * to list all spells.
You don't know that spell.
Casting: Scorch (safe; 1% risk of failure)
Confirm with . or Enter, or press ? or * to list all spells.
Flames lash the komodo dragon.
The komodo dragon is burned terribly!
* * * LOW HITPOINT WARNING * * *
The komodo dragon bites you!!
* * * LOW HITPOINT WARNING * * *
😱 HP[-28]
You take 28 damage, and now have 4/78 hp.
MASSIVE DAMAGE!! (PAUSE)
Okay, then.
You are confused.
You feel invigorated. The komodo dragon misses you. 😱 HP[+3]
You regained 3 hp, and now have 7/78 hp.
Found a stone staircase leading down. 😱 HP[+4]
You regained 4 hp, and now have 11/78 hp. 😱 HP[+4]
You regained 4 hp, and now have 15/78 hp.
You feel less invigorated.
You feel less confused. 😱 HP[+4]
You regained 4 hp, and now have 19/78 hp.
The komodo dragon sets off the alarm!
The alarm trap emits a blaring wail!
A sentinel's mark forms upon you.
You hear an angry hiss.
You hear a loud, deep croak! x2; You hear a croak.
The komodo dragon bites you!
* * * LOW HITPOINT WARNING * * *
😱 HP[-16]
You take 16 damage, and now have 3/78 hp.
MASSIVE DAMAGE!! (PAUSE)
The komodo dragon is no longer more vulnerable to fire.
You see here a +0 pair of boots. 😱 HP[+1]
Okay, then.
As you read the scroll of teleportation {@r4}, it crumbles to dust.
You feel strangely unstable. The komodo dragon bites you!!
You die...

Skill      XL: |  1  2  3  4  5  6  7  8  9 10 |
---------------+-------------------------------+-----
Spellcasting   | 4 5 6 7 8 9 10 | 10.3
Fighting       | 3 4 6 |  6.7
Armour         | 4 |  4.5
Dodging        | 5 |  5.6
Stealth        | |  1.5

Action                   |  1- 3 |  4- 6 |  7- 9 | 10-12 || total
-------------------------+-------+-------+-------+-------++-------
Melee: Dagger            |       |     5 |       |       ||     5
       Spear             |       |       |    58 |    16 ||    74
       Punch             |       |       |       |     1 ||     1
 Cast: Magic Dart        |    49 |    29 |   174 |    18 ||   270
       Searing Ray       |     1 |     3 |     1 |       ||     5
       Fulminant Prism   |       |    10 |    41 |    41 ||    92
       Sting             |       |     1 |       |       ||     1
       Scorch            |       |       |    10 |     9 ||    19
       Ensorcelled Hiber |       |       |     1 |     2 ||     3
 Abil: Evoke Blink       |       |       |       |     1 ||     1
  Use: Potion            |       |     1 |     2 |     2 ||     5
       Scroll            |       |       |     1 |     1 ||     2
Armor: Robe              |     6 |     8 |    21 |       ||    35
       Leather armour    |       |       |       |    10 ||    10
Dodge: Dodged            |    15 |    10 |    53 |    15 ||    93

Levels and vault maps discovered:
D:1:      minmay_arrival_five_plusses, layout_basic
D:2:      layout_basic, hellmonk_ecumenical_altar_prayer_group, minivault_11,
          kennysheep_donut, grunt_ministairs_11, st_stairs_8,
          corexii_leaking_fountain, kennysheep_generic_room_5, uniq_sigmund,
          uniq_robin, uniq_terence
D:3:      minmay_chambers_of_twos, layout_basic, mainiacjoe_overflow_big_doors,
          minmay_cupped, uniq_grinder
D:4:      cheibrodos_greedy_goblins, layout_rooms, zin_angel
D:5:      layout_rooms, vehumet_altar_wand_db, old_standard_altar,
          kennysheep_opposing_triangles, uniq_duvessa
D:6:      layout_basic, mainiacjoe_overflow_tiny_flanked, elyvilon_altar_5,
          gammafunk_ghost_grave
D:7:      layout_basic, nicolae_wu_jian_immortal_techniques,
          gammafunk_temple_overflow_pools, minmay_temple_entry_glass,
          due_unseen_surprise, uniq_menkaure
D:8:      layout_basic, lemuel_round_altar
D:9:      layout_roguey, due_lair_maze_entry_diamond,
          biasface_ghost_orc_armoury, serial_bayou, serial_bayou_pond_b,
          serial_bayou_pond_e, serial_bayou_pond_c, serial_bayou_lagoon_a,
          lemuel_another_geyser, uniq_erica
Temple:   compressed_dpeg_circular_temple
Lair:1:   layout_small_grid, kennysheep_rathole, serial_bayou_shore_a,
          infiniplex_staircase_pool_2, grunt_megastairs_2

Notes
Turn   | Place    | Note
-------+----------+-------------------------------------------
     0 | D:1      | esteth the Djinni Conjurer began the quest for the Orb.
     0 | D:1      | Reached XP level 1. HP: 15/15 MP: 0/0
     0 | D:1      | magus.rc [v1.11.3]
   312 | D:1      | Reached XP level 2. HP: 20/21 MP: 0/0
   975 | D:2      | Reached XP level 3. HP: 12/25 MP: 0/0
   975 | D:2      | Learned a level 1 spell: Sting
  1184 | D:2      | Reached skill level 4 in Spellcasting
  1228 | D:2      | Noticed Sigmund
  1480 | D:2      | Noticed Terence
  1485 | D:2      | Killed Terence
  1486 | D:2      | Reached XP level 4. HP: 25/31 MP: 0/0
  1591 | D:2      | Noticed Robin
  1606 | D:2      | Killed Robin
  1844 | D:2      | Found a faded altar of an unknown god.
  2088 | D:2      | HP: 6/31 [something (5)]
  2777 | D:2      | Killed Sigmund
  2778 | D:2      | Reached skill level 5 in Spellcasting
  2778 | D:2      | Reached XP level 5. HP: 8/35 MP: 0/0
  2778 | D:2      | Learned a level 2 spell: Scorch
  2778 | D:2      | Reached XP level 6. HP: 10/40 MP: 0/0
  3566 | D:3      | Noticed a black bear
  3575 | D:3      | Killed a black bear
  3576 | D:3      | Reached skill level 6 in Spellcasting
  3576 | D:3      | Reached XP level 7. HP: 33/45 MP: 0/0
  3576 | D:3      | Learned a level 2 spell: Ensorcelled Hibernation
  3982 | D:3      | Noticed Grinder
  3989 | D:3      | Killed Grinder
  4255 | D:3      | Reached skill level 7 in Spellcasting
  4924 | D:3      | Found a shadowy altar of Dithmenos.
  5155 | D:4      | Reached XP level 8. HP: 45/50 MP: 0/0
  5264 | D:4      | Found a glowing silver altar of Zin.
  5264 | D:4      | Noticed an angel
  5321 | D:4      | Identified the +3 spear of Shrieking Terror {antimagic, rF+
                  | Int+2}
  5697 | D:5      | Entered Level 5 of the Dungeon
  5882 | D:5      | Reached skill level 1 in Fighting
  6254 | D:5      | Reached skill level 2 in Fighting
  6343 | D:5      | Noticed Duvessa
  6352 | D:5      | Killed Duvessa
  6353 | D:5      | Reached skill level 3 in Fighting
  6353 | D:5      | Reached skill level 8 in Spellcasting
  6353 | D:5      | Noticed Dowan
  6370 | D:5      | Killed Dowan
  6756 | D:5      | Found a stormy altar of Qazlal.
  6947 | D:6      | Reached XP level 9. HP: 53/62 MP: 0/0
  6947 | D:6      | Learned a level 3 spell: Portal Projectile
  7028 | D:6      | Found a snail-covered altar of Cheibriados.
  7199 | D:6      | HP: 13/62 [wyvern zombie (5)]
  7482 | D:6      | Reached skill level 4 in Fighting
  7574 | D:6      | Found a runed translucent door.
  7574 | D:6      | Noticed bmj180's ghost (novice MfIE)
  7923 | D:6      | Found a white marble altar of Elyvilon.
  8415 | D:7      | Found a staircase to the Ecumenical Temple.
  8425 | Temple   | Entered the Ecumenical Temple
  8458 | Temple   | Became a worshipper of Makhleb the Destroyer
  8844 | D:7      | Reached skill level 9 in Spellcasting
  8999 | D:7      | Noticed Menkaure
  9002 | D:7      | HP: 15/63 [??? (12)]
  9004 | D:7      | Killed Menkaure
  9330 | D:7      | Found a bloodstained altar of Trog.
  9855 | D:7      | Found an ornate altar of the Wu Jian Council.
 10016 | D:8      | Identified the +1 leather armour of the Bard {+Blink rF+
                  | rC+ Stlth+}
 10612 | D:8      | Reached XP level 10. HP: 61/69 MP: 0/0
 10618 | D:8      | Reached skill level 10 in Spellcasting
 10627 | D:8      | HP: 14/69 [killer bee (6)]
 10629 | D:8      | HP: 4/69 [killer bee (3)]
 11089 | D:8      | Found a blossoming altar of Fedhas.
 11090 | D:8      | Identified a +1 robe of the Archmagi
 11093 | D:8      | Reached * piety under Makhleb
 11629 | D:9      | Reached skill level 5 in Fighting
 11629 | D:9      | Reached skill level 1 in Armour
 11752 | D:9      | Reached skill level 3 in Dodging
 11875 | D:9      | Noticed a komodo dragon
 11886 | D:9      | Reached skill level 2 in Armour
 11889 | D:9      | Noticed a komodo dragon
 11898 | D:9      | Killed a komodo dragon
 11904 | D:9      | Killed a komodo dragon
 11905 | D:9      | Reached skill level 4 in Dodging
 12040 | D:9      | Noticed Erica
 12057 | D:9      | Killed Erica
 12058 | D:9      | Reached skill level 6 in Fighting
 12058 | D:9      | Reached skill level 3 in Armour
 12178 | D:9      | Noticed a kobold demonologist
 12180 | D:9      | Noticed a rust devil
 12185 | D:9      | Killed a kobold demonologist
 12186 | D:9      | Reached skill level 5 in Dodging
 12498 | D:9      | Reached skill level 4 in Armour
 12544 | D:9      | Reached XP level 11. HP: 70/78 MP: 0/0
 12544 | D:9      | Learned a level 4 spell: Dispel Undead
 12582 | D:9      | Found a staircase to the Lair.
 12802 | D:9      | Found a runed translucent gate.
 12804 | D:9      | Found a runed translucent gate.
 12804 | D:9      | Found a runed translucent gate.
 12804 | D:9      | Noticed SeagullWaffle's ghost (journeyman GrEE)
 13177 | Lair:1   | Entered Level 1 of the Lair of Beasts
 13193 | Lair:1   | HP: 4/78 [komodo dragon (26)]
 13200 | Lair:1   | HP: 3/78 [komodo dragon (17)]
 13205 | Lair:1   | Annihilated by a komodo dragon

Vanquished Creatures
  Erica (D:9)
  2 komodo dragons (D:9)
  A kobold demonologist (D:9)
  A troll (D:9)
  Grinder (D:3)
  Sigmund (D:2)
  Menkaure (D:7)
  2 acid dragons
  Duvessa (D:5)
  3 water moccasins
  3 black bears
  2 orc warriors
  4 sky beasts
  A necrophage (D:4)
  2 centaurs
  A phantom (D:6)
  A wyvern zombie (D:6)
  3 kobold brigands (D:9)
  2 bullfrogs (D:9)
  3 scorpions
  Dowan (D:5)
  4 killer bees (D:8)
  8 wights (D:8)
  2 howler monkeys (D:7)
  A bullfrog zombie (D:5)
  2 hounds
  2 orc priests (D:9)
  3 jellies
  A centaur skeleton (D:7)
  2 gnoll shamans
  A bullfrog skeleton (D:7)
  Terence (D:2)
  2 iguanas
  2 orc wizards
  A killer bee zombie (D:7)
  A howler monkey zombie (D:9)
  Robin (D:2)
  4 gnolls (D:7)
  12 adders
  An ufetubus (D:5)
  An adder zombie (D:5)
  An adder skeleton (D:5)
  2 worms
  A dart slug (D:4)
  17 orcs
  5 ball pythons
  7 endoplasms
  2 giant cockroaches (D:4)
  24 goblins
  16 hobgoblins
  6 jackals
  3 quokkas
  6 bats
  2 frilled lizards (D:3)
  16 kobolds
  5 rats
202 creatures vanquished.

Vanquished Creatures (others)
  92 fulminant prisms
  45 fungi (D:9)
  117 plants (D:9)
254 creatures vanquished.

Grand Total: 456 creatures vanquished

Table legend:
 A = Non-vault XP
 B = Vault XP
 C = Vault XP percentage of total XP
 D = Non-vault monster count
 E = Vault monster count
 F = Vault count percentage of total count
                 A         B        C        D         E       F
            +---------+---------+-------+---------+---------+-------
      Total |    4538 |    3810 |  45.6 |     140 |      62 |  30.7
            +---------+---------+-------+---------+---------+-------
        D:1 |      23 |       0 |   0.0 |      15 |       0 |   0.0
        D:2 |      32 |     311 |  90.7 |      11 |      21 |  65.6
        D:3 |      93 |     500 |  84.3 |      20 |      12 |  37.5
        D:4 |     261 |      18 |   6.5 |      15 |       9 |  37.5
        D:5 |     356 |     263 |  42.5 |      12 |       7 |  36.8
        D:6 |     627 |       0 |   0.0 |      12 |       0 |   0.0
        D:7 |     758 |     169 |  18.2 |      15 |       1 |   6.2
        D:8 |    1123 |       0 |   0.0 |      15 |       0 |   0.0
        D:9 |    1112 |    2549 |  69.6 |      24 |      12 |  33.3
     Lair:1 |     153 |       0 |   0.0 |       1 |       0 |   0.0
            +---------+---------+-------+---------+---------+-------

Illustrated notes

Table legend:
 A = Kills in this place as a percentage of kills in entire the game.
 B = Kills by you in this place as a percentage of kills by you in the entire game.
 C = Kills by friends in this place as a percentage of kills by friends in the entire game.
 D = Other kills in this place as a percentage of other kills in the entire game.
 E = Experience gained in this place as a percentage of experience gained in the entire game.
 F = Experience gained in this place divided by the number of levels of this place that you have seen.
                   A       B       C       D       E      F
               +-------+-------+-------+-------+-------+----------------------
         Total | 100.0 | 100.0 |   N/A |   N/A | 100.0 | 758.9
       Dungeon |  99.5 |  99.5 |   N/A |   N/A |  98.2 | 910.6
          Lair |   0.5 |   0.5 |   N/A |   N/A |   1.8 | 153.0
               +-------+-------+-------+-------+-------+----------------------

Table legend: (Time is in decaauts)
 A = Elapsed time spent in this place.
 B = Non-inter-level travel time spent in this place.
 C = Inter-level travel time spent in this place.
 D = Time resting spent in this place.
 E = Time spent auto-exploring this place.
 F = Levels seen in this place.
 G = Mean time per level.
                   A        B        C        D        E       F      G
               +--------+--------+--------+--------+--------+-----+--------+
         Total |  13159 |  12861 |    298 |   1719 |   9883 |  11 | 1196.3 |
       Dungeon |  13035 |  12746 |    289 |   1719 |   9809 |   9 | 1448.3 |
        Temple |     95 |     87 |      8 |      0 |     74 |   1 |   95.0 |
          Lair |     27 |     27 |      0 |      0 |      0 |   1 |   27.0 |
               +--------+--------+--------+--------+--------+-----+--------+

Top non-repeatable levels by time:
     D:2: 2257 daAuts
     D:9: 1602 daAuts
     D:8: 1586 daAuts
     D:3: 1551 daAuts
     D:6: 1542 daAuts
     D:7: 1479 daAuts
     D:5: 1175 daAuts
     D:1: 1090 daAuts
     D:4: 749 daAuts
  Temple: 95 daAuts
  Lair:1: 27 daAuts
